 Dungeon Crawl Stone Soup version 0.19.1-1-g22dce08 (console) character file.

488489 Kloppie the Slayer (level 23, -1/330 HPs)
             Began as a Grey Draconian Berserker on Jan 19, 2017.
             Was the Champion of Trog.
             Slain by a large abomination (13 damage)
             ... created by a deep elf death mage
             ... led by an ironheart preserver
             ... on level 5 of the Vaults.
             The game lasted 01:39:07 (53061 turns).

Kloppie the Slayer (Grey Draconian Berserker)      Turns: 53061, Time: 01:39:07

Health: -1/330     AC: 24    Str: 29    XL:     23   Next: 83%
Magic:  15/30      EV: 32    Int: 16    God:    Trog [******]
Gold:   3731       SH: 17    Dex: 18    Spells: 0 memorised, 22 levels left

rFire  + . .     SeeInvis +     b - +7 double sword (elec)
rCold  + . .     Gourm    .     (armour unavailable)
rNeg   + . .     Faith    .     p - +0 shield "Ikimapo" {rElec rN+ Str+4}
rPois  .         Spirit   .     n - +0 mask of the Dragon {MR+ Slay+3 SInv}
rElec  +         Reflect  +     e - +2 cloak of Rotation {rF+ rC+ Str-2 Int+4}
rCorr  .         Harm     .     g - +2 pair of gloves
MR     ++++.                    W - +1 pair of boots {Fly}
Stlth  ..........               G - +2 amulet of reflection
                                P - +5 ring of slaying
                                R - +5 ring of evasion

@: berserking, regenerating, very quick
A: walk through water, unfitting armour, stinger 1, clever 1, strong 1,
unbreathing, cold-blooded, AC +16
a: Berserk, Trog's Hand, Brothers in Arms, Burn Spellbooks, Renounce Religion,
Evoke Flight
}: 2/15 runes: decaying, serpentine


You were on level 5 of the Vaults.
You worshipped Trog.
Trog was exalted by your worship.
You were not hungry.

You visited 7 branches of the dungeon, and saw 40 of its levels.
You visited 1 bazaar.
You also visited: Ice Cave.

You collected 5830 gold pieces.
You spent 2099 gold pieces at shops.

Inventory:

Hand Weapons
 a - a +8 antimagic broad axe
 b - a +7 double sword of electrocution (weapon)
 c - the +14 obsidian axe {chop, +Fly SInv *Curse}
   (You took it off a naga ritualist on level 4 of the Snake Pit)

   It inflicts extra damage upon your enemies.
   It lets you see invisible.
   It lets you fly.
   It may re-curse itself when equipped.
 M - a +0 war axe of flaming
Armour
 e - the +2 cloak of Rotation (worn) {rF+ rC+ Str-2 Int+4}
   (You found it on level 2 of the Depths)

   It affects your strength (-2).
   It affects your intelligence (+4).
   It protects you from fire.
   It protects you from cold.
 g - a +2 pair of gloves (worn)
 m - the +0 hat of the Spider Nest {rPois rC+ Dex+3}
   (You found it in an ice cave)

   It affects your dexterity (+3).
   It protects you from cold.
   It protects you from poison.
 n - the +0 mask of the Dragon (worn) {MR+ Slay+3 SInv}
   (You found it on level 5 of the Vaults)

   It affects your accuracy and damage with ranged weapons and melee attacks
   (+3).
   It affects your resistance to hostile enchantments.
   It lets you see invisible.
 p - the +0 shield "Ikimapo" (worn) {rElec rN+ Str+4}
   (You found it on level 3 of the Snake Pit)

   It affects your strength (+4).
   It insulates you from electricity.
   It protects you from negative energy.
 W - a +1 pair of boots of flying (worn)
Jewellery
 o - an uncursed amulet of guardian spirit
 t - an uncursed amulet of regeneration
 G - a +2 amulet of reflection (around neck)
 O - an uncursed ring of resist corrosion
 P - a +5 ring of slaying (right hand)
 R - a +5 ring of evasion (left hand)
Wands
 u - a wand of hasting (6/9)
 A - a wand of digging (6/24)
 E - a wand of heal wounds (5/9)
 J - a wand of disintegration (16/24)
 Y - a wand of teleportation (7/9)
Scrolls
 d - 5 scrolls of fear
 f - 16 scrolls of remove curse
 h - 3 scrolls of holy word
 q - 9 scrolls of identify
 v - 12 scrolls of enchant armour
 x - 12 scrolls of teleportation
 B - 6 scrolls of magic mapping
 C - 4 scrolls of blinking
 D - 6 scrolls of fog
 L - 2 scrolls of silence
Potions
 j - a potion of berserk rage
 l - 6 potions of haste
 s - a potion of cure mutation
 z - 3 potions of might
 I - 10 potions of curing
 Q - 3 potions of heal wounds
 Z - 2 potions of resistance
Miscellaneous
 N - a phial of floods
 U - a disc of storms
 V - 2 boxes of beasts
 X - a lamp of fire
Comestibles
 i - 22 bread rations
 k - 3 meat rations
 w - 15 slices of pizza
 F - 10 chunks of flesh
 K - 9 beef jerkies


   Skills:
 - Level 21.0 Fighting
 - Level 16.2 Long Blades
 - Level 18.1 Axes
 - Level 18.1 Dodging
 + Level 15.1 Stealth
 - Level 15.0 Shields
 - Level 9.8 Evocations


You had 22 spell levels left.
You didn't know any spells.

Dungeon Overview and Level Annotations

Branches:
Dungeon (15/15)            Temple (0/1) D:6            Lair (6/6) D:8
  Swamp (4/4) Lair:3        Snake (4/4) Lair:2        Slime (0/5) Lair:5
    Orc (2/2) D:9             Elf (0/3) Orc:2        Vaults (5/5) D:14
  Crypt (0/3) Vaults:2     Depths (4/5) D:15

Altars:
Elyvilon
Fedhas
Gozag
Kikubaaqudgha
Okawaru
Sif Muna
Uskayaw
Vehumet
Zin
Beogh

Shops:
D:4 ?   D:14 *   Orc:2 [:?(   Vaults:4 ?   Vaults:5 %   Depths:1 %

Portals:
Hell: Depths:1 Depths:2 Depths:3 Depths:4
Abyss: Depths:4
Pandemonium: Depths:2 Depths:3
Ziggurat: Depths:2


Innate Abilities, Weirdness & Mutations

You can walk through water.
Your dull iron-grey scales are very hard. (AC +16)
You cannot fit into any form of body armour.
You can survive without breathing.
You are cold-blooded and may be slowed by cold attacks.
Your tail ends in a poisonous barb.
Your mind is acute. (Int +2)
Your muscles are strong. (Str +2)


Message History

You slice the large abomination!! You tail-slap the large abomination!
The large abomination is heavily damaged.
You barely miss the storm dragon.
The storm dragon is moderately wounded.
You block the yaktaur's attack.
The storm dragon bites you but does no damage.
The storm dragon completely misses you. The storm dragon closely misses you.
You hit the storm dragon but do no damage.
You tail-slap the storm dragon.
The storm dragon is moderately wounded.
The yaktaur shoots a bolt.
You reflect the bolt off an invisible shield around you!
The bolt hits the yaktaur!!
The large abomination misses you.
You riposte.
You slice the large abomination!!
There is a sudden explosion of sparks!
You destroy the large abomination!
Trog accepts your kill. The large abomination hits you!
You die...

...#..#..#..# #.## ..
.|=#..#..#..#....#'# .
.=.#..#..#..#....#n##
####).#..#..#....#†)##
.........#..#....#[.)###
.....)...#..#....#.[[).#+
#######..#..#....#......+#
............#..cX#.......#
............#.c)@#.........
##########..#(.D)#..........#
...$....)#..cc#...........
.............()†..........
###########.....)))##########
.........................
................(........
#########################


You could see a storm dragon, a large abomination and 4 yaktaurs.

Vanquished Creatures
  An ancient lich (Vaults:5)
  Mara (Snake:3)
  A juggernaut (Depths:3)
  2 golden dragons
  Nikola (Snake:3)
  Jorgrun (Snake:3)
  3 tentacled monstrosities (Vaults:5)
  3 titans (Vaults:5)
  A quicksilver dragon (Vaults:5)
  A deep elf blademaster (Depths:2)
  A sphinx (Depths:3)
  2 thorn hunters
  Gastronok (D:10)
  Agnes (Snake:3)
  8 storm dragons
  4 shadow dragons (Vaults:5)
  6 fire giants
  6 tengu reavers
  10 nagarajas
  8 frost giants
  A deep elf sorcerer (Vaults:5)
  Aizul (Snake:3)
  An orc warlord (Depths:2)
  10 vault wardens
  An emperor scorpion (shapeshifter) (Vaults:5)
  Louise (Snake:3)
  A deep elf elementalist (Vaults:5)
  2 ghouls (Vaults:5)
  29 very ugly things
  19 ironheart preservers
  2 spriggan defenders (Depths:4)
  22 stone giants
  2 entropy weavers
  2 deep elf demonologists (Vaults:5)
  The ghost of RUZZLEFAZAZZLE the Spear-Bearer, a journeyman MiBe of Trog (D:14)
  2 vampire knights
  A deep elf annihilator (Vaults:4)
  2 spark wasps (Depths:4)
  30 ettins
  3 deep elf death magi
  4 great orbs of eyes
  A crystal guardian (Vaults:4)
  17 yaktaur captains
  4 deep elf high priests (Vaults:5)
  19 naga warriors
  6 rakshasas
  5 fire dragons
  43 vault guards
  4 ice dragons
  3 ghost crabs
  26 hydras
  10 anacondas
  3 catoblepae
  7 alligators
  11 centaur warriors
  5 death yaks (Depths:3)
  8 deep troll shamans
  A hell hog (shapeshifter) (Vaults:5)
  16 ogre magi
  5 death knights
  4 tengu warriors
  14 deep troll earth magi
  9 shock serpents
  2 vampire magi (Depths:1)
  11 naga sharpshooters
  3 salamander mystics
  A shadow wraith (Vaults:5)
  6 deep elf knights
  An iron troll (Depths:4)
  A fire crab (shapeshifter) (Vaults:1)
  15 skeletal warriors
  31 deep trolls
  9 swamp dragons
  A glowing orange brain (Vaults:1)
  A glowing orange brain (shapeshifter) (Depths:1)
  A storm dragon skeleton (Vaults:2)
  3 flayed ghosts
  3 spriggan druids
  7 unseen horrors
  3 wizards
  A shambling mangrove (Swamp:4)
  A tengu zombie (Vaults:4)
  5 harpies (Vaults:1)
  22 ironbrand convokers
  9 naga ritualists
  7 hill giants
  6 phantasmal warriors
  Pikel (D:3)
  A lindwurm (Lair:6)
  4 deep elf archers
  5 mana vipers
  30 orc knights
  5 orc sorcerers
  2 wolf spiders
  25 deep elf magi
  4 cyclopes
  A fire giant zombie (Vaults:4)
  3 necromancers
  51 ugly things
  21 salamanders
  3 manticores
  29 naga magi
  A black mamba (shapeshifter) (Depths:3)
  A moth of wrath (shapeshifter) (Depths:3)
  Maurice (D:12)
  2 stone giant skeletons (Vaults:2)
  11 elephants (Lair:6)
  A frost giant skeleton (Vaults:2)
  6 human skeletons
  A fire giant skeleton (Vaults:4)
  7 guardian serpents
  42 black mambas
  19 vault sentinels
  4 gargoyles
  3 molten gargoyles (Lair:6)
  An ice statue (IceCv)
  22 spiny frogs
  A spiny frog (shapeshifter) (Vaults:3)
  4 rime drakes
  3 efreet (Depths:4)
  9 komodo dragons
  A kobold demonologist (D:12)
  31 yaktaurs
  A queen bee (shapeshifter) (D:14)
  A troll (shapeshifter) (Vaults:2)
  9 freezing wraiths
  A jumping spider (Vaults:5)
  2 polar bears (shapeshifter)
  4 tyrant leeches
  14 polar bears
  7 trolls
  23 two-headed ogres
  14 hornets
  14 blink frogs
  Prince Ribbit (D:5)
  6 bog bodies
  9 hippogriffs
  A hippogriff (shapeshifter) (Vaults:3)
  10 large abominations
  24 slime creatures
  2 redbacks
  5 shadows
  3 wraiths
  7 spriggans
  A yak (shapeshifter) (Vaults:4)
  Sigmund (D:2)
  A tarantella (Vaults:1)
  46 yaks
  2 hogs (shapeshifter)
  2 water elementals (Depths:1)
  7 wyverns
  Eustachio (D:6)
  4 fire bats (Depths:3)
  A golden eye (shapeshifter) (Vaults:4)
  6 basilisks
  2 steam dragons
  22 vampire mosquitoes
  2 chaos spawn (Depths:4)
  2 hungry ghosts
  19 swamp worms
  5 mottled dragons
  6 wargs
  2 soldier ants
  3 small abominations (Depths:4)
  6 insubstantial wisps (Swamp:3)
  41 nagas
  14 water moccasins
  A floating eye (shapeshifter) (Vaults:4)
  A deep troll skeleton (Vaults:2)
  A floating eye (D:9)
  3 hell hounds (Lair:6)
  8 porcupines
  A slave (D:3)
  A black bear (D:11)
  4 sky beasts
  12 swamp drakes
  A black bear (shapeshifter) (Depths:4)
  3 ettin simulacra (Depths:4)
  62 orc warriors
  The ghost of Mew the Chopper, an amateur HOMo (D:4)
  A necrophage (D:11)
  7 ice beasts
  An eye of draining (shapeshifter) (Depths:3)
  23 wolves
  12 boggarts
  48 ogres
  A boggart (shapeshifter) (D:13)
  34 centaurs
  3 elf skeletons (Vaults:2)
  An orc skeleton (Vaults:2)
  7 crocodiles
  3 big kobolds
  18 bullfrogs
  A gnoll sergeant (Orc:2)
  A glowing shapeshifter simulacrum (Vaults:3)
  A wyvern skeleton (D:7)
  A water moccasin skeleton (D:9)
  5 scorpions
  A scorpion (shapeshifter) (Depths:4)
  11 killer bees
  9 wights
  2 howler monkeys
  3 electric eels
  5 crimson imps
  5 lava snakes (Lair:6)
  A yaktaur simulacrum (Vaults:1)
  A quasit (D:7)
  4 centaur zombies
  3 jellies
  25 orc priests
  9 centaur skeletons
  6 hounds
  21 orc wizards
  5 bullfrog skeletons
  4 iguanas
  6 worker ants
  A killer bee zombie (D:7)
  A hound zombie (D:7)
  12 gnolls
  9 adders
  3 river rats (D:8)
  6 shadow imps
  2 ufetubi
  An ooze (D:2)
  2 adder skeletons
  2 adder zombies
  2 worms (D:2)
  7 leopard geckos
  143 orcs
  6 giant cockroaches
  7 hobgoblins
  7 jackals
  9 quokkas
  3 ball pythons
  23 bats
  A frilled lizard (D:4)
  7 goblins
  A jackal skeleton (D:5)
  30 kobolds
  A leopard gecko skeleton (D:9)
  13 rats
  6 briar patches (Swamp:3)
  A crawling corpse (Vaults:5)
  8 fungi
  4 plants
1986 creatures vanquished.

Vanquished Creatures (collateral kills)
  An orc warlord (Depths:2)
  A naga warrior (Snake:4)
  A naga sharpshooter (Snake:4)
  A glowing orange brain (Depths:2)
  5 deep trolls
  A salamander (Depths:2)
  A black mamba (Snake:4)
  A hog (shapeshifter) (Depths:2)
  A naga (Snake:4)
13 creatures vanquished.

Vanquished Creatures (others)
  A vault warden (Vaults:5)
  An ironheart preserver (Vaults:5)
  A deep elf death mage (Vaults:5)
  A yaktaur captain (Depths:4)
  A hydra (Swamp:4)
  2 centaur warriors (Depths:2)
  A deep troll shaman (Depths:4)
  An ogre mage (Vaults:4)
  A naga ritualist (Snake:3)
  A necromancer (Vaults:4)
  A deep elf archer (Vaults:2)
  A cyclops (Vaults:1)
  A black mamba (Snake:3)
  2 rime drakes (Swamp:4)
  A freezing wraith (Vaults:5)
  3 yaktaurs
  A two-headed ogre (Depths:4)
  A yak (IceCv)
  A swamp worm (Swamp:3)
  An orc warrior (Orc:2)
  A swamp drake (Swamp:4)
  An ogre (Depths:4)
  2 centaurs (Orc:2)
  3 wolves (IceCv)
  An orc (D:4)
  A goblin (D:4)
  A briar patch (Swamp:3)
  11 fungi
  6 plants
51 creatures vanquished.

Grand Total: 2050 creatures vanquished

Notes
Turn   | Place    | Note
-------+----------+-------------------------------------------
     0 | D:1      | Kloppie the Draconian Berserker began the quest for the Orb.
     0 | D:1      | Reached XP level 1. HP: 19/19 MP: 1/1
   313 | D:1      | Reached XP level 2. HP: 26/26 MP: 2/2
   882 | D:2      | Reached skill level 4 in Fighting
   882 | D:2      | Reached XP level 3. HP: 26/33 MP: 3/3
   939 | D:2      | Reached ** piety under Trog
  1304 | D:2      | Reached XP level 4. HP: 34/41 MP: 4/4
  1417 | D:2      | Noticed Sigmund
  1422 | D:2      | Killed Sigmund
  1422 | D:2      | Reached skill level 5 in Fighting
  1422 | D:2      | Reached XP level 5. HP: 49/49 MP: 5/5
  1554 | D:3      | Reached skill level 5 in Axes
  1699 | D:3      | Reached XP level 6. HP: 57/57 MP: 6/6
  2237 | D:3      | Reached *** piety under Trog
  2771 | D:4      | Reached skill level 6 in Fighting
  2791 | D:4      | Noticed a slave
  2792 | D:4      | Noticed a slave
  2792 | D:4      | Noticed Pikel
  2792 | D:4      | Noticed a slave
  2792 | D:4      | Noticed a slave
  2822 | D:3      | Killed a slave
  2830 | D:3      | Killed Pikel
  2830 | D:3      | Reached skill level 7 in Fighting
  2830 | D:3      | Your scales start taking on a dull iron-grey colour.
  2830 | D:3      | Reached XP level 7. HP: 56/66 MP: 7/7
  2830 | D:3      | Gained mutation: You can survive without breathing. [Grey Draconian growth]
  3189 | D:4      | Noticed Mew's ghost (amateur HOMo)
  3207 | D:4      | Killed Mew's ghost
  3220 | D:4      | Found Odybais's Magic Scroll Shoppe.
  3232 | D:4      | Bought a scroll of identify for 20 gold pieces
  3232 | D:4      | Bought a scroll of enchant weapon for 75 gold pieces
  3232 | D:4      | Bought a scroll of magic mapping for 35 gold pieces
  3232 | D:4      | Bought a scroll of blinking for 75 gold pieces
  3416 | D:4      | Found an opulent altar of Gozag.
  3474 | D:5      | Entered Level 5 of the Dungeon
  3603 | D:5      | Noticed Prince Ribbit
  3610 | D:5      | Reached XP level 8. HP: 73/73 MP: 5/8
  3613 | D:5      | Killed Prince Ribbit
  4179 | D:5      | Reached **** piety under Trog
  4371 | D:5      | Reached skill level 10 in Axes
  4942 | D:6      | Noticed Eustachio
  4955 | D:6      | Killed Eustachio
  4955 | D:6      | Reached XP level 9. HP: 76/79 MP: 9/9
  5030 | D:6      | Found a staircase to the Ecumenical Temple.
  6075 | D:8      | Reached ***** piety under Trog
  6138 | D:8      | Received a gift from Trog
  6523 | D:8      | Found a staircase to the Lair.
  6533 | D:8      | Reached skill level 5 in Dodging
  6574 | D:8      | Found a blossoming altar of Fedhas.
  6631 | D:9      | Reached XP level 10. HP: 75/86 MP: 10/10
  6668 | D:9      | Found a radiant altar of Vehumet.
  7256 | D:9      | Found a staircase to the Orcish Mines.
  7532 | D:10     | Entered Level 10 of the Dungeon
  7538 | D:10     | Noticed Gastronok
  7541 | D:10     | Received a gift from Trog
  7573 | D:10     | Killed Gastronok
  7573 | D:10     | Reached skill level 10 in Dodging
  7573 | D:10     | Reached XP level 11. HP: 30/92 MP: 2/11
  8352 | D:10     | Reached skill level 8 in Fighting
  8532 | Lair:1   | Entered Level 1 of the Lair of Beasts
  8935 | Lair:1   | Reached skill level 9 in Fighting
  9463 | Lair:2   | Reached skill level 10 in Fighting
  9550 | Lair:2   | Found a staircase to the Snake Pit.
  9585 | Lair:2   | Gained mutation: Your tail ends in a poisonous barb. [potion of mutation]
  9585 | Lair:2   | Gained mutation: Your mind is acute. (Int +2) [potion of mutation]
  9585 | Lair:2   | Gained mutation: Your muscles are strong. (Str +2) [potion of mutation]
  9791 | Lair:2   | Noticed an eight-headed hydra
  9802 | Lair:2   | Killed an eight-headed hydra
  9802 | Lair:2   | Reached skill level 11 in Fighting
 10307 | Lair:3   | Received a gift from Trog
 10307 | Lair:3   | Reached XP level 12. HP: 48/110 MP: 7/12
 10726 | Lair:3   | Noticed an eight-headed hydra
 10742 | Lair:3   | Killed an eight-headed hydra
 11082 | Lair:3   | Noticed a ghost crab
 11092 | Lair:3   | Killed a ghost crab
 11106 | Lair:3   | Found a staircase to the Swamp.
 12375 | Lair:4   | Paralysed by a hornet for 1 turns
 12687 | Lair:5   | Reached skill level 15 in Axes
 12777 | Lair:5   | Noticed a six-headed hydra
 12797 | Lair:5   | Killed a six-headed hydra
 13128 | Lair:5   | Noticed a four-headed hydra
 13135 | Lair:5   | Killed a four-headed hydra
 13414 | Lair:5   | Noticed a six-headed hydra
 13430 | Lair:5   | Killed a six-headed hydra
 13451 | Lair:5   | Noticed a seven-headed hydra
 13466 | Lair:5   | Killed a seven-headed hydra
 13656 | Lair:5   | Found a staircase to the Slime Pits.
 14015 | Orc:1    | Entered Level 1 of the Orcish Mines
 14033 | Orc:1    | Found a roughly hewn altar of Beogh.
 14187 | Orc:1    | Reached XP level 13. HP: 71/116 MP: 8/13
 14191 | Orc:1    | Reached skill level 1 in Evocations
 14591 | Orc:1    | Received a gift from Trog
 14689 | Orc:2    | Entered Level 2 of the Orcish Mines
 14899 | Orc:2    | Found a staircase to the Elven Halls.
 15238 | Orc:2    | Reached skill level 5 in Evocations
 15606 | Orc:2    | Found Eneug's Antique Weapon Emporium.
 15607 | Orc:2    | Found Lamaett's Book Shop.
 15607 | Orc:2    | Found Liraecus's Magic Scroll Shoppe.
 15610 | Orc:2    | Found Fytex's Antique Armour Boutique.
 15615 | Orc:2    | Bought a scroll of vulnerability for 90 gold pieces
 15622 | Orc:2    | Bought a pair of transparent gloves for 304 gold pieces
 15632 | Orc:2    | Identified the cursed +0 pair of gloves of True Grit {+Fly MR- rCorr Int-2} (You bought it in a shop on level 2 of the Orcish Mines)
 16376 | Orc:2    | Found a deep blue altar of Sif Muna.
 16393 | Orc:2    | Identified Sif Muna's Disquisition on Aid
 16581 | Lair:1   | You fall through a shaft!
 16631 | Lair:6   | Entered Level 6 of the Lair of Beasts
 16696 | Lair:6   | Received a gift from Trog
 16721 | Lair:6   | Reached skill level 12 in Fighting
 17146 | Lair:6   | Reached skill level 13 in Fighting
 17775 | Lair:6   | Found a large runed door.
 17775 | Lair:6   | Noticed a fire dragon
 17974 | Lair:6   | Reached skill level 14 in Fighting
 18013 | Lair:6   | Reached XP level 14. HP: 84/132 MP: 12/19
 18499 | Lair:6   | Found a large runed door.
 19479 | D:9      | Reached skill level 1 in Shields
 20626 | D:12     | Received a gift from Trog
 20626 | D:12     | Reached skill level 5 in Shields
 20817 | D:12     | Noticed Maurice
 20829 | D:12     | Killed Maurice
 21461 | D:13     | Found a frozen archway.
 21481 | IceCv    | Entered an ice cave
 21490 | IceCv    | Received a gift from Trog
 21814 | IceCv    | Identified Orot Cust's Collected Works on Venom and Dislocation
 21963 | IceCv    | Identified the Collected Works on the Lucky Blaze
 22166 | IceCv    | Noticed a frost giant
 22186 | IceCv    | Killed a frost giant
 22219 | IceCv    | Got a brightly glowing hat
 22225 | IceCv    | Identified the +0 hat of the Spider Nest {rPois rC+ Dex+3} (You found it in an ice cave)
 22232 | IceCv    | Got a clouded granite ring
 22250 | IceCv    | Identified the ring "Dimnom" {rPois rN+} (You found it in an ice cave)
 22510 | D:13     | Reached skill level 10 in Shields
 22664 | D:13     | Reached XP level 15. HP: 109/139 MP: 6/20
 23407 | D:13     | Received a gift from Trog
 23411 | D:13     | Reached ****** piety under Trog
 24089 | D:14     | Found Mogie's Assorted Antiques.
 24102 | D:14     | Bought a scroll labeled OTEVVAE CALA for 36 gold pieces
 24102 | D:14     | Bought a bronze wand for 144 gold pieces
 24102 | D:14     | Bought a pearl ring for 180 gold pieces
 24104 | D:14     | Got a pitted broad axe
 24105 | D:14     | Identified the +9 broad axe "Xeodor" {freeze, rN+ Int+4} (You acquired it on level 14 of the Dungeon)
 24175 | D:14     | Found a white marble altar of Elyvilon.
 24315 | D:14     | Noticed RUZZLEFAZAZZLE's ghost (journeyman MiBe)
 24348 | D:14     | Killed RUZZLEFAZAZZLE's ghost
 24930 | D:14     | Found a gate to the Vaults.
 25341 | Swamp:1  | Entered Level 1 of the Swamp
 25459 | Swamp:1  | You fall through a shaft!
 25509 | Swamp:2  | Received a gift from Trog
 26274 | Swamp:1  | Got a steaming cloak
 26286 | Swamp:1  | Identified the cursed +0 cloak of the Princess {Str+2 Dex+2 Stlth+} (You found it on level 1 of the Swamp)
 27182 | Swamp:3  | Noticed a thorn hunter
 27194 | Swamp:3  | Killed a thorn hunter
 27194 | Swamp:3  | Reached XP level 16. HP: 113/147 MP: 15/21
 27346 | Swamp:3  | Reached skill level 15 in Shields
 27871 | Snake:1  | Entered Level 1 of the Snake Pit
 28283 | Snake:1  | Received a gift from Trog
 28605 | Snake:1  | Reached skill level 15 in Fighting
 28754 | Snake:1  | Found an ancient bone altar of Kikubaaqudgha.
 29010 | Snake:1  | Reached skill level 1 in Stealth
 29601 | Snake:2  | Identified the Papyrus of Unstable Flames
 30185 | Snake:2  | Received a gift from Trog
 30627 | Snake:3  | Noticed Mara
 30655 | Snake:3  | Noticed Kloppie's illusion
 30809 | Snake:3  | Noticed Kloppie's illusion
 30837 | Snake:3  | Killed Mara
 31008 | Snake:3  | Noticed Agnes
 31020 | Snake:3  | Killed Agnes
 31548 | Snake:3  | Reached XP level 17. HP: 134/156 MP: 22/22
 32020 | Snake:3  | Got a bloodstained shield
 32021 | Snake:3  | Identified the cursed +0 shield "Ikimapo" {rElec rN+ Str+4} (You found it on level 3 of the Snake Pit)
 32150 | Snake:3  | Noticed Jorgrun
 32162 | Snake:3  | Killed Jorgrun
 32180 | Snake:3  | Noticed Nikola
 32201 | Snake:3  | Killed Nikola
 32201 | Snake:3  | Received a gift from Trog
 32829 | Swamp:4  | Entered Level 4 of the Swamp
 33356 | Swamp:4  | Got a decaying rune of Zot
 33401 | Swamp:4  | Received a gift from Trog
 34037 | D:15     | Entered Level 15 of the Dungeon
 34139 | D:15     | Found a hide-covered altar of Uskayaw.
 34226 | D:15     | Found a staircase to the Depths.
 34239 | D:15     | Reached skill level 5 in Stealth
 34840 | D:13     | Received a gift from Trog
 35239 | Snake:3  | Reached XP level 18. HP: 145/163 MP: 8/24
 35262 | Snake:3  | Noticed Aizul
 35291 | Snake:3  | Killed Aizul
 35338 | Snake:4  | Entered Level 4 of the Snake Pit
 35409 | Snake:4  | Noticed Louise
 35433 | Snake:3  | Killed Louise
 35842 | Snake:4  | Received a gift from Trog
 36281 | Snake:4  | Reached skill level 16 in Fighting
 36919 | Snake:4  | Got a serpentine rune of Zot
 37335 | Depths:1 | Entered Level 1 of the Depths
 37439 | Depths:1 | Found a glowing silver altar of Zin.
 37547 | Depths:1 | You fall through a shaft!
 37744 | Depths:1 | Received a gift from Trog
 38018 | Depths:1 | Found Geoku's Food Shop.
 38081 | Depths:1 | Found a gateway to Hell.
 38278 | Depths:1 | Reached skill level 17 in Fighting
 38607 | Depths:2 | Reached XP level 19. HP: 102/177 MP: 26/26
 39029 | Depths:2 | Reached skill level 10 in Stealth
 39146 | Depths:2 | Found an iron altar of Okawaru.
 39211 | Depths:2 | Got a transparent cloak
 39222 | Depths:2 | Identified the +2 cloak of Rotation {rF+ rC+ Str-2 Int+4} (You found it on level 2 of the Depths)
 39328 | Depths:2 | Found a gateway to a ziggurat.
 39388 | Depths:2 | Found a one-way gate leading to the halls of Pandemonium.
 39635 | Depths:3 | Reached skill level 1 in Long Blades
 39638 | Depths:3 | Received a gift from Trog
 39750 | Depths:3 | Reached skill level 5 in Long Blades
 40178 | Depths:3 | Paralysed by a sphinx for 5 turns
 40878 | Depths:3 | Reached skill level 10 in Long Blades
 40879 | Depths:3 | Received a gift from Trog
 41296 | Depths:3 | Noticed a juggernaut
 41308 | Depths:3 | Killed a juggernaut
 41308 | Depths:3 | Reached XP level 20. HP: 133/187 MP: 9/27
 41506 | Depths:3 | Got a faintly glowing long sword
 41512 | Depths:3 | Identified the +7 long sword "Tibbabbe" {freeze, rPois Dex+4} (You found it on level 3 of the Depths)
 42947 | Depths:4 | Noticed a golden dragon
 42967 | Depths:4 | Killed a golden dragon
 43256 | Depths:4 | Found a one-way gate to the infinite horrors of the Abyss.
 43279 | Depths:4 | Received a gift from Trog
 43429 | Depths:4 | Paralysed by something for 4 turns
 43656 | Depths:4 | Reached skill level 15 in Long Blades
 44681 | Vaults:1 | Entered Level 1 of the Vaults
 44768 | Vaults:1 | Received a gift from Trog
 44782 | Vaults:1 | Found a flickering gateway to a bazaar.
 44802 | Bazaar   | Entered a bazaar
 44802 | Bazaar   | Found Weamihel's Jewellery Emporium.
 44878 | Bazaar   | Found Wumaheoss's Antique Armour Boutique.
 44889 | Bazaar   | Found Otacuxt's General Store.
 44900 | Bazaar   | Found Xuppec's Distillery.
 44914 | Bazaar   | Found Rinub's Antique Weapon Boutique.
 44945 | Bazaar   | Bought a cursed -3 ring of dexterity for 30 gold pieces
 44945 | Bazaar   | Bought a cursed amulet of inaccuracy for 30 gold pieces
 44947 | Bazaar   | Bought an uncursed ring of resist corrosion for 300 gold pieces
 44969 | Bazaar   | Bought 3 scrolls of teleportation for 135 gold pieces
 44969 | Bazaar   | Bought a scroll of teleportation for 45 gold pieces
 44977 | Bazaar   | Bought a potion of cure mutation for 225 gold pieces
 44999 | Bazaar   | Bought a potion of heal wounds for 45 gold pieces
 44999 | Bazaar   | Bought a potion of heal wounds for 45 gold pieces
 44999 | Bazaar   | Bought a potion of heal wounds for 45 gold pieces
 45025 | Vaults:1 | Reached XP level 21. HP: 193/193 MP: 9/28
 45429 | Vaults:1 | Reached skill level 18 in Fighting
 45629 | Vaults:1 | Received a gift from Trog
 46081 | Vaults:2 | Received a gift from Trog
 46685 | Vaults:2 | Found a staircase to the Crypt.
 46975 | Vaults:2 | Reached skill level 15 in Dodging
 46979 | Vaults:2 | Received a gift from Trog
 47337 | Vaults:2 | Reached skill level 19 in Fighting
 47740 | Vaults:3 | Received a gift from Trog
 48440 | Vaults:3 | Reached XP level 22. HP: 151/206 MP: 9/29
 48455 | Vaults:3 | Received a gift from Trog
 48997 | Vaults:4 | Found Geseg's Magic Scroll Emporium.
 49008 | Vaults:4 | Bought a scroll of teleportation for 39 gold pieces
 49008 | Vaults:4 | Bought a scroll of blinking for 97 gold pieces
 49008 | Vaults:4 | Bought a scroll of identify for 26 gold pieces
 49008 | Vaults:4 | Bought a scroll of identify for 26 gold pieces
 49008 | Vaults:4 | Bought a scroll of identify for 26 gold pieces
 49008 | Vaults:4 | Bought a scroll of identify for 26 gold pieces
 49127 | Vaults:4 | Reached skill level 20 in Fighting
 49449 | Vaults:4 | Received a gift from Trog
 50200 | Vaults:5 | Entered Level 5 of the Vaults
 50212 | Vaults:4 | Received a gift from Trog
 51215 | Vaults:5 | Reached XP level 23. HP: 92/215 MP: 30/30
 51220 | Vaults:5 | Received a gift from Trog
 51653 | Vaults:5 | Noticed an ancient lich
 51672 | Vaults:5 | Killed an ancient lich
 52030 | Vaults:5 | Got a shimmering iron ring
 52031 | Vaults:5 | Identified the ring of Rifask {*Drain +Inv rF- Str+6 Dex+8} (You took it off a deep elf high priest on level 5 of the Vaults)
 52135 | Vaults:5 | Found Zotorykh's Food Shoppe.
 52203 | Vaults:5 | Received a gift from Trog
 52875 | Vaults:5 | Identified the ring "Gatuch" {MP+9 Stlth-} (You found it on level 5 of the Vaults)
 52947 | Vaults:5 | Reached skill level 21 in Fighting
 53055 | Vaults:5 | HP: 14/330 [ettin/dire flail (42)]
 53057 | Vaults:5 | Reached skill level 15 in Stealth
 53058 | Vaults:5 | Received a gift from Trog
 53061 | Vaults:5 | Slain by a large abomination

Skill      XL: |  1  2  3  4  5  6  7  8  9 10 11 12 13 14 15 16 17 18 19 20 21 22 23 |
---------------+----------------------------------------------------------------------+-----
Fighting       | 4 5 7 11 14 15 17 19 20 21 | 21.0
Axes           | 4 5 6 7 10 12 13 16 17 18 | 18.1
Dodging        | 5 10 11 14 15 16 18 | 18.1
Evocations     | 7 8 9 |  9.8
Shields        | 10 14 15 | 15.0
Stealth        | 4 5 9 10 14 15 | 15.1
Long Blades    | 11 15 16 | 16.2

Action                   |  1- 3 |  4- 6 |  7- 9 | 10-12 | 13-15 | 16-18 | 19-21 | 22-24 || total
-------------------------+-------+-------+-------+-------+-------+-------+-------+-------++-------
Melee: Hand axe          |   109 |   113 |   272 |       |       |       |       |       ||   494
       Tailslap          |    16 |    18 |    45 |   100 |   310 |   329 |   428 |   239 ||  1485
       War axe           |       |       |   118 |   553 |   705 |   207 |       |       ||  1583
       Dire flail        |       |       |       |    43 |    26 |       |       |       ||    69
       Broad axe         |       |       |       |       |   707 |  1121 |  1189 |   290 ||  3307
       Trident           |       |       |       |       |    43 |       |       |       ||    43
       Unarmed           |       |       |       |       |       |     9 |       |       ||     9
       Double sword      |       |       |       |       |       |       |   198 |   558 ||   756
       Demon blade       |       |       |       |       |       |       |   123 |       ||   123
Invok: Berserk           |     1 |     4 |     3 |     6 |    18 |    12 |    12 |     3 ||    59
       Trog's Hand       |       |       |     1 |       |    13 |    11 |     7 |     6 ||    38
       Brothers in Arms  |       |       |       |       |       |     3 |       |     1 ||     4
 Abil: Stop Flying       |       |       |       |       |       |       |       |     1 ||     1
Evoke: Wand              |       |       |       |       |     3 |     4 |       |       ||     7
  Use: Scroll            |       |       |    11 |    14 |    10 |    10 |    10 |    11 ||    66
       Potion            |       |       |    11 |     3 |     3 |     5 |     1 |     7 ||    30
 Stab: Sleeping          |     1 |       |     8 |     4 |     3 |    32 |    26 |    11 ||    85
       Invisible         |       |       |     2 |       |       |       |       |    15 ||    17
       Distracted        |       |       |       |       |     1 |     4 |     8 |     3 ||    16
       Petrified         |       |       |       |       |       |       |     3 |     8 ||    11
       Petrifying        |       |       |       |       |       |       |     3 |     4 ||     7
  Eat: Chunk             |     2 |     8 |    17 |    28 |    53 |    21 |    46 |    15 ||   190
       Meat ration       |       |       |       |     1 |     1 |     6 |       |     1 ||     9
       Royal jelly       |       |       |       |       |     4 |     1 |     1 |       ||     6
       Beef jerky        |       |       |       |       |       |       |       |     1 ||     1
Armor: Skin              |    32 |    22 |   145 |   196 |   418 |   169 |   147 |   153 ||  1282
Dodge: Dodged            |    72 |    82 |   215 |   527 |  1118 |   823 |   899 |   777 ||  4513
Block: Shield            |       |       |       |       |   525 |   862 |   953 |   679 ||  3019
       Reflection        |       |       |       |       |       |    18 |    58 |    42 ||   118
       Rpst.: Double sword |       |       |       |       |       |       |    14 |    65 ||    79
       Demon blade       |       |       |       |       |       |       |     8 |       ||     8
